 Dungeon Crawl Stone Soup version 0.20.1-1-g8b1a95d (webtiles) character file.

1806 type32 the Insei (level 8, -2/150 HPs)
             Began as a Demonspawn Monk on Oct 6, 2017.
             Was an Elder of Okawaru.
             Slain by a four-headed hydra (6 damage)
             ... on level 7 of the Dungeon.
             The game lasted 00:17:01 (8197 turns).

type32 the Insei (Demonspawn Monk)                  Turns: 8197, Time: 00:17:01

Health: -2/150     AC: 31    Str: 19    XL:     8   Next: 84%
Magic:  8/8        EV:  2    Int: 16    God:    Okawaru [****..]
Gold:   269        SH:  0    Dex: 16    Spells: 7/7 levels left

rFire    . . .     SeeInvis .   e - +0 morningstar (protect)
rCold    . . .     Gourm    .   (no shield)
rNeg     + + +     Faith    .   (armour currently unavailable)
rPois    +         Spirit   .   (helmet currently unavailable)
rElec    .         Reflect  .   (cloak currently unavailable)
rCorr    .         Harm     .   (gloves unavailable)
MR       +....     NoTele   +   (boots currently unavailable)
Stlth    ..........             E - amulet of magic regeneration
Regen    0.4/turn               p - ring of protection from magic
MPRegen  0.2/turn               B - ring of wizardry

@: brilliant, berserking, tree-form, protection aura, very quick
A: no striking features
a: Heroism, Renounce Religion


You were on level 7 of the Dungeon.
You worshipped Okawaru.
Okawaru was greatly pleased with you.
You were not hungry.
You were a tree.
You visited 2 branches of the dungeon, and saw 10 of its levels.

You collected 425 gold pieces.
You spent 156 gold pieces at shops.

Inventory:

Hand Weapons
 e - a +0 morningstar of protection (weapon)
 A - a +1 broad axe
Missiles
 f - 53 sling bullets
 o - 99 stones (quivered)
Armour
 c - a +0 leather armour (melded)
 x - a +1 scale mail of cold resistance
 y - a +0 ring mail
Magical Staves
 J - an uncursed staff of summoning
Jewellery
 a - a cursed amulet of harm
 h - an uncursed ring of flight
 p - a ring of protection from magic (left branch)
 B - a ring of wizardry (right branch)
 E - an amulet of magic regeneration (around neck)
 F - an uncursed ring of ice
Wands
 t - a wand of disintegration (10/24)
 C - a wand of clouds (6/9)
 D - a wand of acid (10/15)
Scrolls
 g - 2 scrolls of enchant armour
 i - 8 scrolls of remove curse
 n - a scroll of recharging {unknown}
 r - a scroll of blinking {unknown}
 u - 4 scrolls of immolation
 w - 2 scrolls of teleportation {unknown}
 G - 2 scrolls of silence
 I - a scroll of brand weapon {unknown}
Potions
 d - a potion of ambrosia {unknown}
 k - a potion of cancellation
 l - a potion of lignification
 v - a potion of brilliance
 z - a potion of flight {unknown}
 K - a potion of berserk rage
Books
 s - a book of Cantrips

   Spells                             Type                      Level
   a - Confusing Touch                Hexes                        1
   b - Animate Skeleton               Necromancy                   1
   c - Summon Small Mammal            Summoning                    1
   d - Apportation                    Translocation                1
Comestibles
 b - 2 bread rations
 j - 2 royal jellies
 m - a chunk of flesh
 q - 2 meat rations


   Skills:
 * Level 7.2 Fighting
 * Level 6.0 Dodging
 - Level 1.7 Stealth
 - Level 7.2 Unarmed Combat


You had 7 spell levels left.
You didn't know any spells.

Dungeon Overview and Level Annotations

Branches:
Dungeon (9/15)             Temple (1/1) D:5
   Lair: D:8-11         Orc: D:9-12

Altars:
Ashenzari
Cheibriados
Elyvilon
Fedhas
Gozag
Kikubaaqudgha
Makhleb
Okawaru
Ru
Sif Muna
Trog
Uskayaw
Xom
The Shining One

Shops:
D:4 =   D:8 ?

Annotations:
D:5 Sigmund
D:6 Pikel


Innate Abilities, Weirdness & Mutations

((You have claws for hands.))
((You are completely covered in thin metallic scales. (AC +4, rElec)))


Message History

Your +0 leather armour melds into your body.
Your roots penetrate the ground.
The four-headed hydra bites you but does no damage. x4
It was a potion of brilliance.
You feel clever all of a sudden.
The four-headed hydra bites you but does no damage. x4
It was a potion of berserk rage.
A red film seems to cover your vision as you go berserk!
You feel yourself moving faster!
You feel mighty!
The four-headed hydra bites you but does no damage.
The four-headed hydra bites you!
* * * LOW HITPOINT WARNING * * *
The four-headed hydra bites you.
* * * LOW HITPOINT WARNING * * *
The four-headed hydra bites you but does no damage.
You hit the four-headed hydra.
Your weapon exudes an aura of protection.
The four-headed hydra is lightly wounded.
The four-headed hydra bites you.
You die...

#...#.......# .... .#Y#.
#####.#.....#.....#.##...
#..##...##......⌠..%⌠.
###..###.###.....#.##...
#............###.#.#.#.#
#................#..##.##
#...............##⌠)..⌠..
#>..............#.####[##
#.......♣D.............#
#......................##
#........................
#........................
#...)...................##
#........#..............#
#...#...####............#
#####.### #....#######.#
## #....# ###


You could see a four-headed hydra.

Vanquished Creatures
  A troll (D:8)
  A blink frog (D:8)
  A hippogriff (D:8)
  A wyvern (D:8)
  A wolf (D:8)
  A centaur (D:7)
  3 bullfrogs
  A howler monkey (D:8)
  A crimson imp (D:8)
  7 hounds (D:8)
  2 bullfrog zombies
  A jelly (D:5)
  3 orc wizards
  An iguana (D:5)
  2 worker ants
  2 hound skeletons
  A howler monkey skeleton (D:8)
  6 adders
  4 gnolls
  A worm (D:2)
  A dart slug (D:4)
  7 leopard geckos
  13 orcs
  3 giant cockroaches
  9 goblins
  10 hobgoblins
  2 jackals (D:4)
  3 quokkas
  2 ball pythons
  5 bats
  3 frilled lizards
  2 jackal skeletons
  6 kobolds
  4 rats
111 creatures vanquished.

Notes
Turn   | Place    | Note
-------+----------+-------------------------------------------
     0 | D:1      | type32 the Demonspawn Monk began the quest for the Orb.
     0 | D:1      | Reached XP level 1. HP: 18/18 MP: 1/1
   567 | D:1      | Gained mutation: You are partially covered in thin metallic scales. (AC +2) [demonic ancestry]
   567 | D:1      | Reached XP level 2. HP: 24/24 MP: 2/2
  1202 | D:2      | Gained mutation: You are mostly covered in thin metallic scales. (AC +3) [demonic ancestry]
  1202 | D:2      | Reached XP level 3. HP: 29/29 MP: 3/3
  1990 | D:3      | Reached XP level 4. HP: 30/35 MP: 4/4
  2580 | D:3      | Noticed an ogre
  2697 | D:4      | Reached skill level 5 in Unarmed Combat
  3363 | D:4      | Gained mutation: You are completely covered in thin metallic scales. (AC +4, rElec) [demonic ancestry]
  3363 | D:4      | Reached XP level 5. HP: 41/41 MP: 5/5
  3672 | D:4      | Found Afaf's Jewellery Shoppe.
  3850 | D:5      | Entered Level 5 of the Dungeon
  4273 | D:5      | Noticed Sigmund
  4530 | D:6      | Gained mutation: You have sharp fingernails. [demonic ancestry]
  4530 | D:6      | Reached XP level 6. HP: 47/47 MP: 6/6
  4601 | D:6      | Noticed a slave
  4603 | D:6      | Noticed Pikel
  4603 | D:6      | Noticed a slave
  4604 | D:6      | Noticed a slave
  4604 | D:6      | Noticed a slave
  5263 | D:5      | Found a staircase to the Ecumenical Temple.
  5294 | Temple   | Entered the Ecumenical Temple
  5456 | Temple   | Became a worshipper of Warmaster Okawaru
  5456 | Temple   | Reached * piety under Okawaru
  5456 | Temple   | Reached ** piety under Okawaru
  5904 | D:6      | Noticed an ice beast
  6252 | D:8      | Gained mutation: You have very sharp fingernails. [demonic ancestry]
  6252 | D:8      | Reached XP level 7. HP: 53/53 MP: 7/7
  6270 | D:7      | Noticed a four-headed hydra
  6456 | D:8      | Noticed a hippogriff
  6757 | D:8      | Found Xiefamae's Magic Scroll Emporium.
  6762 | D:8      | Bought a scroll of identify for 26 gold pieces
  6762 | D:8      | Bought a scroll of identify for 26 gold pieces
  6762 | D:8      | Bought a scroll of identify for 26 gold pieces
  6762 | D:8      | Bought a scroll of remove curse for 39 gold pieces
  6762 | D:8      | Bought a scroll of remove curse for 39 gold pieces
  6815 | D:8      | Noticed a wyvern
  6828 | D:8      | Killed a wyvern
  6828 | D:8      | Reached skill level 5 in Fighting
  6852 | D:8      | Gained mutation: You have claws for hands. [demonic ancestry]
  6852 | D:8      | Reached XP level 8. HP: 20/63 MP: 8/8
  7071 | D:8      | Reached *** piety under Okawaru
  7359 | D:8      | Noticed a troll
  7364 | D:8      | Killed a troll
  7365 | D:8      | Noticed a blink frog
  7552 | D:8      | Killed a hippogriff
  7552 | D:8      | Reached skill level 5 in Dodging
  7763 | D:8      | Killed a blink frog
  7763 | D:8      | Reached **** piety under Okawaru
  7922 | D:8      | Noticed a hippogriff
  8196 | D:7      | HP: 6/150 [four-headed hydra (9)]
  8197 | D:7      | Slain by a four-headed hydra

Skill      XL: |  1  2  3  4  5  6  7  8 |
---------------+-------------------------+-----
Unarmed Combat | 3 4 5 7 |  7.2
Fighting       | 5 7 |  7.2
Dodging        | 4 6 |  6.0
Stealth        | |  1.7

Action                   |  1- 3 |  4- 6 |  7- 9 || total
-------------------------+-------+-------+-------++-------
Melee: Unarmed           |   109 |   257 |    82 ||   448
       Punch             |     2 |     7 |     5 ||    14
       Broad axe         |       |     2 |    10 ||    12
       Morningstar       |       |       |     4 ||     4
Throw: Stone             |       |    29 |    11 ||    40
       Tomahawk          |       |       |    16 ||    16
  Use: Potion            |     1 |     1 |    10 ||    12
       Scroll            |       |     8 |     5 ||    13
 Stab: Sleeping          |     4 |     1 |       ||     5
  Eat: Chunk             |     3 |     3 |       ||     6
       Bread ration      |       |     4 |       ||     4
Armor: Robe              |    19 |    11 |       ||    30
       Leather armour    |       |    81 |    32 ||   113
       Skin              |       |       |    10 ||    10
Dodge: Dodged            |    79 |   200 |    94 ||   373
